 Dungeon Crawl Stone Soup version 0.27.1 (webtiles) character file.

Game seed: 2840760203307111598

56 jafadoo the Digger (level 3, 0/20 HPs)
             Began as a Gargoyle Earth Elementalist on Sept 2, 2021.
             Was a Follower of Trog (penitent).
             Splashed by a jelly's acid (3 damage)
             ... on level 3 of the Dungeon.
             The game lasted 00:08:10 (2262 turns).

jafadoo the Digger (Gargoyle Earth Elementalist)    Turns: 2262, Time: 00:08:10

Health: 0/20       AC:  5    Str: 11    XL:     3   Next: 95%
Magic:  6/6        EV: 12    Int: 16    God:    Trog [*]
Gold:   72         SH:  0    Dex: 10    Spells: 0/6 levels left

rFire    . . .     SeeInvis .   (no weapon)
rCold    . . .     Faith    .   (no shield)
rNeg     + . .     Spirit   .   b - +0 robe
rPois    ∞         Reflect  .   (no helmet)
rElec    +         Harm     .   (no cloak)
rCorr    .         Rampage  .   (no gloves)
Will     .....                  (no boots)
Stlth    ++........             (no amulet)
HPRegen  0.06/turn              (no ring)
MPRegen  0.10/turn              (no ring)

@: no status effects
A: sickness immunity, AC +3, negative energy resistance 1, electricity
resistance, torment resistance 1, petrification resistance
a: Renounce Religion


You were on level 3 of the Dungeon.
You worshipped Trog.
Trog was demanding penance.
You visited 1 branch of the dungeon, and saw 3 of its levels.

You collected 72 gold pieces.

Inventory:

Missiles
 a - 2 throwing nets
 c - 51 stones
Armour
 b - a +0 robe (worn)
Scrolls
 e - a scroll of amnesia {unknown}
 h - 2 scrolls of identify {unknown}
 i - a scroll of teleportation {unknown}
Potions
 d - 2 potions of mutation {unknown}
 f - a potion of attraction {unknown}
 g - 2 potions of heal wounds {unknown}


   Skills:
 + Level 1.2 Fighting
 + Level 1.8 Dodging
 + Level 2.5 Stealth
 + Level 0.5 Unarmed Combat
 - Level 2.4 Spellcasting
 - Level 0.7 Transmutations
 - Level 4.5 Earth Magic


You couldn't memorise any spells.
You knew the following spells:

 Your Spells              Type           Power      Damage    Failure   Level
a - Sandblast             Erth           32%        2d9       3%          1
b - Passwall              Tmut/Erth      8%         N/A       11%         2
c - Stone Arrow           Conj/Erth      18%        3d8       24%         3

Your spell library contained the following spells:

 Spells                   Type           Power      Damage    Failure   Level
 Petrify                  Tmut/Erth      10%        N/A       56%         4


Dungeon Overview and Level Annotations

Branches:
Dungeon (3/15)

Altars:
Trog


Innate Abilities, Weirdness & Mutations

You are immune to sickness and miasma.
Your stone body is resilient. (AC +3)
You are immune to poison.
You resist negative energy. (rN+)
You are resistant to electric shocks. (rElec)
You are resistant to unholy torment.
You are immune to petrification.


Message History

The bat hits you but does no damage. The bat hits you but does no damage.
You hit the bat but do no damage.
The bat is heavily wounded.
The bat barely misses you. The bat hits you but does no damage.
The bat misses you.
You hit the bat.
You kill the bat!
Trog accepts your kill.
You see here a bat corpse.
You open the door.
A rat comes into view.
The rat barely misses you.
There is an open door here.
You hit the rat.
The rat is heavily wounded.
The rat barely misses you.
You hit the rat.
You kill the rat!
Trog accepts your kill.
You see here a rat corpse.
You see here a rat corpse.
There is an open door here.
There is a stone staircase leading up here.
A jelly comes into view.
The jelly quivers.
The jelly barely misses you.
You hit the jelly.
Your hands burn!
The jelly is lightly wounded.
The jelly misses you.
You hit the jelly.
Your hands burn!
The jelly is moderately wounded.
The jelly hits you but does no damage.
You hit the jelly.
Your hands burn!
The jelly is heavily wounded.
The jelly hits you.
You are splashed with acid!
* * * LOW HITPOINT WARNING * * *
You hit the jelly.
Your hands burn!
You die...

#.# #.# ..# #.#
#.# .# #.# #.# #.#
#.# #.# #.# #.#
#.# #.# #J# #.#
#.# #@# #.# #.#
#.#####.######.##
#...............##
############.#....
#.#.### #...#
##.#.# .#
##########....# .#
#..........#..#


You could see a jelly.

Vanquished Creatures
  2 adders (D:2)
  2 dart slugs (D:2)
  2 ball pythons
  7 bats
  5 endoplasms
  A goblin (D:1)
  4 hobgoblins
  2 kobolds (D:1)
  A quokka (D:2)
  A frilled lizard (D:1)
  7 rats
34 creatures vanquished.

Notes
Turn   | Place    | Note
-------+----------+-------------------------------------------
     0 | D:1      | jafadoo the Gargoyle Earth Elementalist began the quest for
                  | the Orb.
     0 | D:1      | Reached XP level 1. HP: 10/10 MP: 3/3
   354 | D:1      | Reached XP level 2. HP: 15/15 MP: 3/5
   356 | D:1      | Reached skill level 4 in Earth Magic
   394 | D:1      | Learned a level 2 spell: Passwall
  1209 | D:2      | Reached XP level 3. HP: 19/19 MP: 4/6
  1254 | D:2      | Learned a level 3 spell: Stone Arrow
  1619 | D:2      | Reached skill level 1 in Fighting
  1816 | D:2      | Found a faded altar of an unknown god.
  1819 | D:2      | Became a worshipper of Trog the Wrathful
  1819 | D:2      | Reached * piety under Trog
  1899 | D:2      | Was placed under penance by Trog
  2262 | D:3      | Splashed by a jelly's acid

Illustrated notes

Levels and vault maps discovered:
D:1:      elethiomel_arrival_diamonds, layout_basic
D:2:      layout_basic, shapermc_ecumenical_altar_mp_vishouse
D:3:      kennysheep_goblin_castle, layout_loops_ring, nrook_mini_vaults

Skill      XL: |  1  2  3 |
---------------+----------+-----
Earth Magic    | 4 |  4.5
Fighting       | 1 |  1.2
Dodging        | |  1.8
Stealth        | |  2.5
Unarmed Combat | |  0.5
Spellcasting   | |  2.4
Transmutations | |  0.7

Action                   || total
-------------------------++-------
Melee: Unarmed           ||    43
 Cast: Sandblast         ||    36
       Passwall          ||     1
       Stone Arrow       ||     2
Armor: Robe              ||    42
Dodge: Dodged            ||    82
